 Dungeon Crawl Stone Soup version 0.30-a0-924-g0ad0bf95bc (webtiles) character file.

Game seed: 10738024811644162203

2707 Iniera the Conjurer (level 9, -10/65 HPs)
             Began as a Demonspawn Conjurer on Mar 22, 2023.
             Was a Priest of Vehumet.
             Shot with a sling bullet by Joseph (19 damage)
             ... on level 7 of the Dungeon.
             The game lasted 00:16:08 (8175 turns).

Iniera the Conjurer (Demonspawn Conjurer)           Turns: 8175, Time: 00:16:09

Health: -10/65     AC:  7    Str:  8    XL:     9   Next: 39%
Magic:  5/17       EV: 14    Int: 23    God:    Vehumet [***...]
Gold:   78         SH:  0    Dex: 18    Spells: 8/19 levels left

rFire   . . .      SeeInvis .    l - +5 dagger (venom)
rCold   . . .      Faith    .    (no shield)
rNeg    . . .      Spirit   .    f - +0 steam dragon scales
rPois   .          Reflect  .    (helmet restricted)
rElec   .          Rampage  .    g - +0 cloak
rCorr   .                        i - +0 pair of gloves
Will    .....                    (no boots)
Stlth   +++                      (no amulet)
HPRegen 0.30/turn                r - +6 ring of dexterity
MPRegen 0.15/turn                (no ring)

@: no status effects
A: antennae 1, powered by death 1, demonic magic 2
a: Renounce Religion


You were on level 7 of the Dungeon.
You worshipped Vehumet.
Vehumet was most pleased with you.
You visited 2 branches of the dungeon, and saw 8 of its levels.
You also visited: Ossuary.

You collected 237 gold pieces.
You spent 159 gold pieces at shops.

Inventory:

Hand Weapons
 l - a +5 dagger of venom (weapon)
Armour
 f - +0 steam dragon scales (worn)
 g - a +0 cloak (worn)
 i - a +0 pair of gloves (worn)
Jewellery
 r - a +6 ring of dexterity (left hand)
Wands
 a - a wand of flame (8)
 m - a wand of digging (8)
 q - a wand of mindburst (20)
Scrolls
 c - a scroll of vulnerability
 o - a scroll of teleportation
 u - a scroll of magic mapping
Potions
 b - 2 potions of magic
 d - 3 potions of resistance
 e - 4 potions of brilliance
 h - 7 potions of heal wounds
 j - 2 potions of lignification
 k - a potion of mutation {unknown}
 n - 6 potions of curing
 p - a potion of experience {unknown}
 s - 3 potions of flight
 t - 2 potions of attraction


   Skills:
 + Level 4.2 Fighting
 - Level 2.0 Short Blades
 + Level 3.8 Dodging
 - Level 3.4 Stealth
 + Level 5.7 Spellcasting
 + Level 7.6 Conjurations
 - Level 4.0 Hexes
 - Level 4.0 Translocations


You had 8 spell levels left.
You knew the following spells:

 Your Spells              Type           Power      Damage    Failure   Level
a - Magic Dart            Conj           100%       1d8       1%          1
b - Searing Ray           Conj           82%        2d7       1%          2
c - Fulminant Prism       Conj/Hex       16%        3d10      2%          4
d - Iskenderun's Mystic   Conj/Tloc      33%        2d8       2%          4

Your spell library contained the following spells:

 Spells                   Type           Power      Damage    Failure   Level
 Hailstorm                Conj/Ice       24%        3d7       1%          3
 Dazzling Flash           Conj/Hex       66%        N/A       1%          3
 Sticky Flame             Conj/Fire      24%        2d5       5%          4
 Ignite Poison            Fire/Tmut/Pois 6%         N/A       7%          3
 Necrotise                Necr           24%        1d5       9%          1
 Vampiric Draining        Necr           6%         2d6       26%         3
 Agony                    Necr           6%         N/A       94%         5
 Ignition                 Fire           3%         3d4       100%        8


Dungeon Overview and Level Annotations

Branches:
Dungeon (7/15)             Temple (1/1) D:4         Ossuary (visited)

Altars:
Ashenzari
Cheibriados
Dithmenos
Fedhas
Hepliaklqana
Kikubaaqudgha
Makhleb
Okawaru
Qazlal
Ru
Sif Muna
Trog
Uskayaw
Vehumet
Wu Jian
Xom
Yredelemnul

Shops:
D:5 [

Annotations:
D:7 Joseph


Innate Abilities, Weirdness & Mutations

You have a pair of small antennae on your head.
You regenerate a little health from kills.
Spells you cast may paralyse nearby enemies.


Message History

Malevolent energies surge around you.
Joseph shoots a sling bullet.
The sling bullet hits you. The sling bullet burns you.
You hear an angry buzzing noise.
The magic dart hits Joseph.
Joseph is heavily wounded.
Malevolent energies surge around you.
Joseph shoots a sling bullet.
The sling bullet hits you but does no damage.
The magic dart hits Joseph.
Joseph is heavily wounded.
Malevolent energies surge around you.
Joseph shoots a sling bullet.
The sling bullet misses you.
You hear an angry buzzing noise.
You hear a shout!
The magic dart hits Joseph.
Joseph is heavily wounded.
Malevolent energies surge around you.
Joseph shoots a sling bullet.
The sling bullet hits you! The sling bullet burns you.
You are too injured to fight recklessly!
Casting: Magic Dart (safe; 1% risk of failure)
Confirm with . or Enter, or press ? or * to list all spells.
You can't see any susceptible monsters within range! (Use Z to cast anyway.) Joseph shoots a sling bullet.
The sling bullet barely misses you.
Casting: Magic Dart (safe; 1% risk of failure)
Confirm with . or Enter, or press ? or * to list all spells.
Aiming: Searing Ray (safe; 1% risk of failure)
Press: ? - help, Shift-Dir - straight line, f/p - Joseph
Aim: Joseph, wielding a +1 sling of flaming and wearing a +0 ring mail (heavily wounded, 84% to hit)
The searing ray hits Joseph!
Joseph is heavily wounded. (Press . to maintain the ray.) Malevolent energies surge around you.
The searing ray hits Joseph.
Joseph is severely wounded.
Joseph shoots a sling bullet.
The sling bullet hits you!
* * * LOW HITPOINT WARNING * * *
The sling bullet burns you.
* * * LOW HITPOINT WARNING * * *
The searing ray hits Joseph.
Joseph is severely wounded.
Joseph shoots a sling bullet.
The sling bullet hits you!!
You die...

#.# #.# #..#._.#...#.. #.# #.#
#..#...#.###.# #.###.###
#..##.##....## #.#.....#
#...#.#..#.##
#######.#.....#####.#.#.#.##.#
..[..>.........รท....#.#.#.##.#
#########.....#.###...#'#.##.#
#.....#.# ###.....##..
###.###@# ########## #.# #.#
... #.# ....##@#
.#...##......@# #######.#


You could see Joseph.

Vanquished Creatures
  Prince Ribbit (D:6)
  Grinder (D:4)
  Sigmund (D:3)
  A steam dragon (D:6)
  Edmund (D:6)
  A water moccasin (D:5)
  3 ice beasts
  A black bear (D:4)
  An ogre (D:5)
  A centaur (D:4)
  A kobold brigand (D:7)
  A phantom (D:4)
  A bullfrog (D:7)
  2 scorpions
  3 howler monkeys (D:7)
  A jelly (D:6)
  An orc priest (D:6)
  3 hounds
  Crazy Yiuf (D:6)
  A gnoll bouda (D:6)
  4 orc wizards
  A sleepcap (D:6)
  4 iguanas
  13 mummies (Ossuary)
  5 gnolls (D:6)
  8 adders
  An ufetubus (D:5)
  2 worms
  4 dart slugs
  22 orcs
  6 endoplasms
  3 giant cockroaches
  3 goblins
  2 hobgoblins
  4 quokkas
  13 ball pythons
  5 bats
  11 frilled lizards (D:1)
  2 gnoll skeletons (Ossuary)
  3 goblin skeletons (Ossuary)
  14 kobolds
  3 kobold skeletons
  An orc skeleton (Ossuary)
  4 rats (D:1)
  11 rat skeletons (Ossuary)
176 creatures vanquished.

Vanquished Creatures (others)
  4 fulminant prisms
4 creatures vanquished.

Grand Total: 180 creatures vanquished

Notes
Turn   | Place    | Note
-------+----------+-------------------------------------------
     0 | D:1      | Iniera the Demonspawn Conjurer began the quest for the Orb.
     0 | D:1      | Reached XP level 1. HP: 13/13 MP: 3/3
   282 | D:1      | Gained mutation: Spells you cast may paralyse adjacent
                  | enemies. [demonic ancestry]
   282 | D:1      | Reached XP level 2. HP: 19/19 MP: 3/5
   788 | D:1      | Reached skill level 5 in Conjurations
   791 | D:1      | Learned a level 2 spell: Searing Ray
   800 | D:1      | Reached XP level 3. HP: 19/24 MP: 0/6
  1667 | D:2      | You fall into a shaft and drop 2 floors!
  1831 | D:4      | Noticed a centaur
  1836 | D:4      | Killed a centaur
  1837 | D:4      | Reached skill level 1 in Fighting
  1837 | D:4      | Reached skill level 1 in Hexes
  1837 | D:4      | Reached skill level 1 in Translocations
  1837 | D:4      | Gained mutation: Spells you cast may paralyse nearby
                  | enemies. [demonic ancestry]
  1837 | D:4      | Reached XP level 4. HP: 12/32 MP: 3/7
  1880 | D:4      | Learned a level 4 spell: Fulminant Prism
  1943 | D:4      | Found a staircase to the Ecumenical Temple.
  1954 | Temple   | Entered the Ecumenical Temple
  1954 | Temple   | Found a transporter.
  1954 | Temple   | Found a transporter.
  1958 | Temple   | Found a transporter.
  1958 | Temple   | Found a transporter.
  1994 | Temple   | Became a worshipper of Vehumet
  2171 | D:3      | Reached XP level 5. HP: 33/37 MP: 5/8
  2943 | D:3      | Found a stormy altar of Qazlal.
  3069 | D:3      | Reached * piety under Vehumet
  3069 | D:3      | Offered knowledge of Sandblast by Vehumet.
  3358 | D:3      | Noticed Sigmund
  3370 | D:3      | Killed Sigmund
  3371 | D:3      | Reached XP level 6. HP: 33/44 MP: 4/10
  3881 | D:4      | Reached skill level 1 in Short Blades
  3918 | D:4      | Found a sacrificial altar of Ru.
  4110 | D:4      | Noticed Grinder
  4116 | D:4      | Killed Grinder
  4117 | D:4      | Reached skill level 6 in Conjurations
  4117 | D:4      | Reached XP level 7. HP: 47/51 MP: 10/12
  4124 | D:4      | Learned a level 4 spell: Iskenderun's Mystic Blast
  4617 | D:5      | Entered Level 5 of the Dungeon
  4756 | D:5      | Found a sand-covered staircase.
  4767 | Ossuary  | Entered an ossuary
  5122 | Ossuary  | Reached ** piety under Vehumet
  5130 | Ossuary  | Offered knowledge of Foxfire by Vehumet.
  5291 | Ossuary  | Gained mutation: You have a pair of small antennae on your
                  | head. [demonic ancestry]
  5291 | Ossuary  | Reached XP level 8. HP: 58/58 MP: 12/14
  5509 | D:5      | Found Jatwuenu's Antique Armour Emporium.
  5624 | D:5      | Bought an ichor-stained robe for 159 gold pieces
  5624 | D:5      | Identified the +0 robe of the Bagpipe {Rampage Dex+4} (You
                  | bought it in a shop on level 5 of the Dungeon)
  6067 | D:5      | Found a shimmering altar of Xom.
  6900 | D:6      | Noticed Prince Ribbit
  6907 | D:6      | Killed Prince Ribbit
  6908 | D:6      | Reached skill level 5 in Spellcasting
  6908 | D:6      | Reached skill level 7 in Conjurations
  6976 | D:6      | Noticed Edmund
  6996 | D:6      | Killed Edmund
  6997 | D:6      | Gained mutation: You regenerate a little health from kills.
                  | [demonic ancestry]
  6997 | D:6      | Reached XP level 9. HP: 64/64 MP: 5/16
  7103 | D:6      | Offered knowledge of Hailstorm by Vehumet.
  7606 | D:6      | Found a runed translucent door.
  7607 | D:6      | Noticed Crazy Yiuf
  7614 | D:6      | Killed Crazy Yiuf
  7920 | D:7      | Reached *** piety under Vehumet
  8130 | D:7      | Found a bloodstained altar of Trog.
  8159 | D:7      | Noticed Joseph
  8175 | D:7      | Shot with a sling bullet by Joseph

Illustrated notes

Levels and vault maps discovered:
D:1:      amcnicky_arrival_single_pillar, layout_basic, minmay_misc_feat_tiny,
          minmay_lizard_pond
D:2:      layout_loops_corners, serial_rivers, chequers_serial_rivers_room_a,
          chequers_serial_rivers_room_a, chequers_serial_rivers_small_a,
          chequers_serial_rivers_micro_c, chequers_serial_rivers_micro_b,
          chequers_serial_rivers_room_b, kennysheep_another_room
D:3:      layout_basic, nicolae_qazlal_scattered_showers,
          hangedman_abyss_or_decor_stabs, nrook_campfire, uniq_sigmund
D:4:      layout_basic, nicolae_ru_great_annihilating_truth,
          minmay_temple_entry_sparse_star, hangedman_decor_riveting,
          uniq_grinder
D:5:      layout_layer_cave, kennysheep_mini_moat, serial_shops,
          nicolae_shop_waterfront, nicolae_ossuary_entry_ruins
D:6:      minmay_spotlight, layout_cave_pools, uniq_edmund, uniq_prince_ribbit1,
          uniq_crazy_yiuf_cottage
D:7:      layout_loops_ring, nicolae_tso_besieged_by_evil,
          mainiacjoe_overflow_surrounded_room, uniq_joseph
Temple:   hellmonk_temple_divided_pantheon

Skill      XL: |  1  2  3  4  5  6  7  8  9 |
---------------+----------------------------+-----
Conjurations   | 5 6 7 |  7.6
Fighting       | 1 2 3 4 |  4.2
Hexes          | 1 2 3 4 |  4.0
Translocations | 1 2 3 4 |  4.0
Spellcasting   | 3 4 5 |  5.7
Short Blades   | 1 2 |  2.0
Stealth        | 3 |  3.4
Dodging        | 3 |  3.8

Action                     |  1- 3 |  4- 6 |  7- 9 || total
---------------------------+-------+-------+-------++-------
  Melee: Unarmed           |    10 |       |       ||    10
         Dagger            |     5 |    31 |    65 ||   101
         Punch             |     1 |       |     1 ||     2
   Cast: Magic Dart        |    69 |    75 |   181 ||   325
         Searing Ray       |     1 |     3 |    26 ||    30
         Fulminant Prism   |       |       |     4 ||     4
    Use: Scroll            |       |    10 |    10 ||    20
   Stab: Paralysed         |     1 |    14 |    30 ||    45
         Sleeping          |       |       |     7 ||     7
 Armour: Robe              |     1 |     7 |     3 ||    11
         Steam dragon scal |       |       |     8 ||     8
  Dodge: Dodged            |    10 |    13 |    32 ||    55

Table legend: (Time is in decaauts)
 A = Elapsed time spent in this place.
 B = Non-inter-level travel time spent in this place.
 C = Inter-level travel time spent in this place.
 D = Time resting spent in this place.
 E = Time spent auto-exploring this place.
 F = Levels seen in this place.
 G = Mean time per level.
                   A        B        C        D        E       F      G
               +--------+--------+--------+--------+--------+-----+--------+
         Total |   8169 |   7979 |    190 |     61 |   6711 |   9 |  907.7 |
       Dungeon |   7451 |   7292 |    159 |     61 |   6206 |   7 | 1064.4 |
        Temple |     60 |     30 |     30 |      0 |      9 |   1 |   60.0 |
       Ossuary |    657 |    657 |      0 |      0 |    496 |   1 |  657.0 |
               +--------+--------+--------+--------+--------+-----+--------+

Top non-repeatable levels by time:
     D:5: 1398 daAuts
     D:4: 1245 daAuts
     D:2: 1157 daAuts
     D:3: 1152 daAuts
     D:6: 1060 daAuts
     D:1: 1004 daAuts
 Ossuary: 657 daAuts
     D:7: 434 daAuts
  Temple: 60 daAuts
